 Dungeon Crawl Stone Soup version 0.27-a0-1513-g2aaa0cc67b (webtiles) character file.

Game seed: 3910357751507088498

3446 quinnr the Stormcaller (level 10, -11/50 HPs)
             Began as a Tengu Air Elementalist on July 9, 2021.
             Mangled by a large slime creature (25 damage)
             ... on level 5 of the Dungeon.
             The game lasted 00:15:49 (8096 turns).

quinnr the Stormcaller (Tengu Air Elementalist)     Turns: 8096, Time: 00:15:49

Health: -11/50     AC:  2    Str:  9    XL:     10   Next: 6%
Magic:  6/16       EV: 16    Int: 18    God:
Gold:   126        SH:  0    Dex: 15    Spells: 10/15 levels left

rFire    . . .     SeeInvis .   h - +1 dagger (drain)
rCold    . . .     Faith    .   (no shield)
rNeg     . . .     Spirit   .   a - +0 robe
rPois    .         Reflect  .   (helmet restricted)
rElec    .         Harm     .   (no cloak)
rCorr    +         Rampage  .   (no gloves)
Will     .....                  (boots unavailable)
Stlth    ++........             (no amulet)
HPRegen  0.16/turn              e - ring of resist corrosion
MPRegen  0.15/turn              (no ring)

@: flying quickly and evasively, quick
A: beak, talons 3, nimble flight
a: no special abilities


You were on level 5 of the Dungeon.
You visited 1 branch of the dungeon, and saw 5 of its levels.

You collected 286 gold pieces.
You spent 160 gold pieces at shops.

Inventory:

Hand Weapons
 d - a +1 short sword of venom
 h - a +1 dagger of draining (weapon)
 j - a +1 hunting sling of flaming
Missiles
 m - 5 silver boomerangs
 p - 39 stones
 x - a curare-tipped dart
Armour
 a - a +0 robe (worn)
Jewellery
 c - a ring of protection from fire
 e - a ring of resist corrosion (left hand)
 o - a +4 ring of evasion
 q - a ring of flight
Wands
 k - a wand of acid (7)
Scrolls
 b - a scroll of teleportation
 s - 2 scrolls of enchant armour {unknown}
 v - a scroll of blinking {unknown}
 w - a scroll of immolation {unknown}
Potions
 f - a potion of lignification {unknown}
 g - a potion of curing
 i - a potion of brilliance {unknown}
 n - a potion of might
 r - 4 potions of heal wounds
 t - 2 potions of resistance
 u - 2 potions of attraction


   Skills:
 + Level 4.8 Dodging
 - Level 3.0 Stealth
 - Level 3.3 Spellcasting
 - Level 10.6 Conjurations
 - Level 15.9 Air Magic


You had 10 spell levels left.
You knew the following spells:

 Your Spells              Type           Power      Damage    Failure   Level
a - Shock                 Conj/Air       100%       1d9       1%          1
b - Airstrike             Air            28%        N/A       1%          4

Your spell library contained the following spells:

 Spells                   Type           Power      Damage    Failure   Level
 Magic Dart               Conj           100%       1d8       1%          1
 Searing Ray              Conj           82%        3d6       1%          2
 Static Discharge         Conj/Air       50%        N/A       1%          2
 Swiftness                Air            57%        N/A       1%          3
 Fulminant Prism          Conj/Hex       11%        3d9       19%         4
 Slow                     Hex            3%         N/A       24%         2
 Confusing Touch          Hex            3%         N/A       43%         3
 Vampiric Draining        Necr           1%         2d6       43%         3


Dungeon Overview and Level Annotations

Branches:
Dungeon (5/15)
 Temple: D:4-7

Altars:
Fedhas
Uskayaw
Zin

Shops:
D:5 (*


Innate Abilities, Weirdness & Mutations

You have a beak for a mouth.
You have claws for feet.
Your magical nature lets you fly swiftly and evasively.


Message History

The slime creature quivers.
Casting: Shock (safe; 1% risk of failure)
Confirm with . or Enter, or press ? or * to list all spells.
Aiming: Airstrike (safe; 1% risk of failure)
Press: ? - help, Dir - move target, f/p - slime creature
Aim: a slime creature (lightly wounded)
The air twists around and strikes the slime creature!
The slime creature is moderately wounded.
Casting: Airstrike (safe; 1% risk of failure)
Confirm with . or Enter, or press ? or * to list all spells.
Aiming: Airstrike (safe; 1% risk of failure)
Press: ? - help, Dir - move target, f/p - slime creature
Aim: a slime creature (moderately wounded)
The air twists around and strikes the slime creature!
The slime creature is heavily wounded.
Casting: Airstrike (safe; 1% risk of failure)
Confirm with . or Enter, or press ? or * to list all spells.
Aiming: Airstrike (safe; 1% risk of failure)
Press: ? - help, Dir - move target, f/p - slime creature
Aim: a slime creature (heavily wounded)
The air twists around and strikes the slime creature!
The slime creature is severely wounded.
The slime creature misses you.
You hit the slime creature.
You peck the slime creature, but do no damage.
The slime creature is severely wounded.
The slime creature hits you!
You hit the slime creature but do no damage.
You drain the slime creature.
The slime creature is severely wounded.
Two slime creatures merge to form a large slime creature.
Unknown command.
The large slime creature hits you!!
Ouch! That really hurt!
* * * LOW HITPOINT WARNING * * *
You see here 7 bolts.
The large slime creature seems less drained.
The large slime creature hits you!!
Ouch! That really hurt!
You die...

####.(..####
#..........#
....!#
#..........#
.....#
#..........#
....÷#
#..........#
.....#
#..........#
.....#
#....).....#
.....#
#....J.....#
÷..÷.#
#...@......#
.....#
######..####
.....# #.>#
###### ####


You could see a large slime creature.

Vanquished Creatures
  Pikel (D:4)
  Grinder (D:3)
  A slime creature (D:5)
  Sigmund (D:2)
  A black bear (D:3)
  A lemure (D:4)
  A phantom (D:5)
  A kobold brigand (D:5)
  2 water moccasin zombies (D:5)
  2 jellies (D:5)
  A centaur zombie (D:5)
  2 hounds
  2 orc priests (D:5)
  An iguana (D:5)
  Terence (D:3)
  3 orc wizards
  7 adders
  An ufetubus (D:4)
  2 worms
  A dart slug (D:1)
  8 orcs
  9 bats
  9 endoplasms
  4 giant cockroaches
  7 goblins
  8 hobgoblins
  8 jackals
  3 quokkas
  8 ball pythons
  3 frilled lizards
  11 kobolds
  10 rats
121 creatures vanquished.

Vanquished Creatures (others)
  4 fungi (D:5)
  6 plants
  13 toadstools (D:5)
23 creatures vanquished.

Grand Total: 144 creatures vanquished

Notes
Turn   | Place    | Note
-------+----------+-------------------------------------------
     0 | D:1      | quinnr the Tengu Air Elementalist began the quest for the
                  | Orb.
     0 | D:1      | Reached XP level 1. HP: 10/10 MP: 4/4
   278 | D:1      | Reached XP level 2. HP: 15/15 MP: 3/6
   517 | D:1      | Reached skill level 5 in Air Magic
   929 | D:1      | Reached XP level 3. HP: 19/19 MP: 4/7
  1600 | D:2      | Noticed Sigmund
  1639 | D:1      | Reached skill level 6 in Air Magic
  1639 | D:1      | Reached XP level 4. HP: 17/24 MP: 5/8
  1802 | D:2      | Learned a level 4 spell: Airstrike
  2035 | D:2      | Found a faded altar of an unknown god.
  2766 | D:2      | Killed Sigmund
  2767 | D:2      | Reached skill level 8 in Air Magic
  2767 | D:2      | Gained mutation: Your magical nature lets you fly swiftly
                  | and evasively. [Tengu growth]
  2767 | D:2      | Reached XP level 5. HP: 28/28 MP: 1/10
  2767 | D:2      | Reached XP level 6. HP: 32/32 MP: 1/11
  3080 | D:3      | Noticed Grinder
  3697 | D:3      | Noticed Terence
  3722 | D:3      | Killed Terence
  4382 | D:3      | Noticed a black bear
  4399 | D:3      | Killed a black bear
  4400 | D:3      | Reached skill level 9 in Air Magic
  4400 | D:3      | Reached XP level 7. HP: 36/36 MP: 4/13
  4549 | D:3      | Found a glowing silver altar of Zin.
  4760 | D:3      | Killed Grinder
  4761 | D:3      | Reached skill level 10 in Air Magic
  5552 | D:4      | Noticed Pikel
  5836 | D:4      | Killed Pikel
  5837 | D:4      | Reached skill level 12 in Air Magic
  5837 | D:4      | Reached XP level 8. HP: 41/41 MP: 0/14
  5957 | D:4      | Found a hide-covered altar of Uskayaw.
  5968 | D:4      | Found a blossoming altar of Fedhas.
  6016 | D:5      | Entered Level 5 of the Dungeon
  6702 | D:5      | Found Doycics's Assorted Antiques.
  6709 | D:5      | Bought a scroll of identify for 64 gold pieces
  6709 | D:5      | Bought a scroll of identify for 64 gold pieces
  6709 | D:5      | Bought a scroll labelled XYFAGH QIBEA for 32 gold pieces
  6964 | D:5      | Found Vurab's Antique Weapon Shop.
  7042 | D:5      | HP: 3/41 [kobold brigand (5)]
  7298 | D:5      | Reached skill level 10 in Conjurations
  7298 | D:5      | Reached skill level 15 in Air Magic
  7298 | D:5      | Reached XP level 9. HP: 45/45 MP: 15/15
  7565 | D:5      | Reached XP level 10. HP: 50/50 MP: 11/16
  8096 | D:5      | Mangled by a large slime creature

Illustrated notes

Levels and vault maps discovered:
D:1:      matt_arrival_spirals, layout_basic, chequers_serial_rivers_marsh,
          serial_bayou_pond_c
D:2:      layout_rooms, hellmonk_ecumenical_altar_lost_god, patterned_corridor,
          uniq_sigmund
D:3:      layout_basic, marbit_many_paths, kennysheep_generic_room_12,
          uniq_grinder, uniq_terence
D:4:      layout_layer_cave, amethyst_overflow_temple_binary, uniq_pikel
D:5:      cheibrodos_fertilizer, layout_basic, serial_shops, shop_statue,
          nicolae_shop_overgrown_old_shop

Skill      XL: |  1  2  3  4  5  6  7  8 |
---------------+-------------------------+-----
Air Magic      | 5 6 8 9 12 15 | 15.9
Spellcasting   | 3 |  3.3
Stealth        | 3 |  3.0
Dodging        | 4 |  4.8
Conjurations   | 10 | 10.6

Action                   |  1- 3 |  4- 6 |  7- 9 | 10-12 || total
-------------------------+-------+-------+-------+-------++-------
Melee: Short sword       |     4 |     1 |       |       ||     5
       Dagger            |       |     3 |       |     2 ||     5
       Kick              |       |     1 |       |       ||     1
       Peck              |       |       |       |     1 ||     1
 Fire: Hunting sling     |       |       |     6 |       ||     6
 Cast: Shock             |    67 |    90 |    71 |    15 ||   243
       Airstrike         |       |    12 |    24 |    13 ||    49
Evoke: Wand              |       |       |     2 |       ||     2
  Use: Potion            |       |     1 |     3 |       ||     4
       Scroll            |       |     4 |     6 |       ||    10
 Stab: Sleeping          |       |     1 |       |       ||     1
Armor: Robe              |     5 |     2 |     5 |       ||    12
Dodge: Dodged            |    25 |     4 |    21 |     7 ||    57

Table legend: (Time is in decaauts)
 A = Elapsed time spent in this place.
 B = Non-inter-level travel time spent in this place.
 C = Inter-level travel time spent in this place.
 D = Time resting spent in this place.
 E = Time spent auto-exploring this place.
 F = Levels seen in this place.
 G = Mean time per level.
                   A        B        C        D        E       F      G
               +--------+--------+--------+--------+--------+-----+--------+
         Total |   7871 |   7718 |    153 |   1546 |   5171 |   5 | 1574.2 |
       Dungeon |   7871 |   7718 |    153 |   1546 |   5171 |   5 | 1574.2 |
               +--------+--------+--------+--------+--------+-----+--------+

Top non-repeatable levels by time:
     D:5: 1779 daAuts
     D:3: 1714 daAuts
     D:1: 1562 daAuts
     D:4: 1515 daAuts
     D:2: 1300 daAuts
